 Dungeon Crawl Stone Soup version 0.29-a0-911-g88e6f02907 (webtiles) character file.

Game seed: 8326631956104385801

856 dolemite99 the Spear-Bearer (level 7, -1/57 HPs)
             Began as a Minotaur Monk on July 26, 2022.
             Was an Initiate of Gozag.
             Slain by a gnoll
             ... wielding a +0 halberd
             ... led by a gnoll sergeant
              (3 damage)
             ... on level 4 of the Dungeon.
             The game lasted 00:05:05 (4000 turns).

dolemite99 the Spear-Bearer (Minotaur Monk)         Turns: 4000, Time: 00:05:05

Health: -1/57      AC: 10    Str: 18    XL:     7   Next: 70%
Magic:  6/6        EV:  8    Int:  7    God:    Gozag
Gold:   220        SH:  0    Dex: 12    Spells: 6/6 levels left

rFire   . . .      SeeInvis .   a - +0 trident
rCold   . . .      Faith    .   (no shield)
rNeg    . . .      Spirit   .   p - +0 chain mail
rPois   .          Reflect  .   (helmet restricted)
rElec   .          Harm     .   (no cloak)
rCorr   .          Rampage  .   d - +1 pair of gloves
Will    .....                   (no boots)
Stlth   ..........              g - amulet of regeneration
HPRegen 0.99/turn               (no ring)
MPRegen 0.10/turn               (no ring)

@: gold aura
A: horns 2, retaliatory headbutt
a: Renounce Religion, Potion Petition, Call Merchant, Bribe Branch


You were on level 4 of the Dungeon.
You worshipped Gozag.
Gozag was aware of your devotion.
You visited 1 branch of the dungeon, and saw 5 of its levels.

You collected 303 gold pieces.
You paid 83 gold pieces to Gozag.

Inventory:

Hand Weapons
 a - a +0 trident (weapon)
 e - a +0 spear
 m - a +0 morningstar
 o - a +2 dagger of holy wrath
Armour
 b - a +0 robe
 d - a +1 pair of gloves (worn)
 p - a +0 chain mail (worn)
 q - a +0 scale mail
Jewellery
 g - an amulet of regeneration (around neck)
 k - a +4 ring of protection
Wands
 i - a wand of light (2)
 t - a wand of paralysis (7)
Scrolls
 h - a scroll of enchant weapon {unknown}
 l - 2 scrolls of blinking
 s - a scroll of identify {@r1}
Potions
 c - a potion of ambrosia
 f - a potion of mutation {unknown}
 j - a potion of magic
 n - a potion of curing {unknown}
 r - a potion of attraction {unknown}
 u - a potion of might {unknown}
 v - a potion of flight {unknown}


   Skills:
 - Level 3.6 Fighting
 + Level 11.1 Polearms
 - Level 3.2 Dodging
 - Level 1.5 Stealth


You had 6 spell levels left.
You didn't know any spells.
Your spell library contained the following spells:

 Spells                   Type           Power      Damage    Failure   Level
 Airstrike                Air            0%         0-1+      100%        4
 Summon Lightning Spire   Summ/Air       0%         N/A       100%        4
 Lightning Bolt           Conj/Air       0%         1d11      100%        5


Dungeon Overview and Level Annotations

Branches:
Dungeon (5/15)
 Temple: D:4-7

Altars:
Ashenzari
Gozag
Hepliaklqana
Vehumet
Xom

Shops:
D:5 [*


Innate Abilities, Weirdness & Mutations

You have a pair of horns on your head.
You reflexively headbutt those who attack you in melee.


Message History

You hit the gnoll but do no damage.
The gnoll is severely wounded.
The gnoll sergeant hits you with a +0 spear.
The gnoll barely misses you.
The gnoll hits you from afar with a +0 halberd.
You closely miss the gnoll.
The gnoll is severely wounded.
You barely miss the gnoll.
The gnoll is severely wounded.
The gnoll sergeant hits you with a +0 spear.
The gnoll barely misses you. You furiously retaliate!
You headbutt the gnoll!
You kill the gnoll!
The gnoll hits you from afar with a +0 halberd!
The gnoll sergeant hits you with a +0 spear.
The gnoll hits you but does no damage.
Things that are here:
6 gold pieces; a +0 club You hit the gnoll sergeant but do no damage.
Your headbutt misses the gnoll sergeant.
The gnoll sergeant is lightly wounded.
The gnoll sergeant hits you with a +0 spear.
The gnoll barely misses you.
You are too injured to fight recklessly!
You hit the gnoll sergeant but do no damage.
The gnoll sergeant is lightly wounded.
The gnoll sergeant hits you with a +0 spear!
The gnoll hits you with a +0 halberd!
* * * LOW HITPOINT WARNING * * *
You are too injured to fight recklessly!
You hit the gnoll sergeant but do no damage.
The gnoll sergeant is lightly wounded.
You are too injured to fight recklessly!
Okay, then.
Okay, then.
You barely miss the gnoll.
The gnoll sergeant hits you with a +0 spear!
* * * LOW HITPOINT WARNING * * *
The gnoll hits you with a +0 halberd.
You die...
Your body crumbles into a pile of gold.

.. #.#....$.$.......#......#
#.# #..####..##......##....##
##.##.......###..###..##...#
..........#.# #.####.##....#
##.##.....#.###..#...####.##
##.#.......≈≈≈≈.≈≈≈≈## ###
##.#.......≈##≈.≈##≈##
...........≈###g###≈.## ####
...........≈≈#..@#≈≈..###..#
#..........≈≈#..g#≈≈.......#
P.......##.≈≈#...#≈≈......##
........##.≈#######≈....###
..§.....###≈##≈≈≈##≈##.##
.§......###≈≈≈≈≈≈≈≈≈....######
.P.......###......#..........#
..........##.....###.....#+#.#
................## ###...#.#.#


You could see a gnoll sergeant and a gnoll.

Vanquished Creatures
  Pikel (D:4)
  A necrophage (D:4)
  A jelly (D:4)
  An orc priest (D:3)
  Jessica (D:3)
  Natasha (D:3)
  An iguana (D:5)
  5 gnolls
  5 adders
  An ufetubus (D:4)
  A worm (D:2)
  4 dart slugs
  9 orcs
  5 ball pythons
  7 endoplasms
  6 giant cockroaches
  5 goblins
  4 hobgoblins
  6 kobolds
  6 quokkas
  3 bats
  5 frilled lizards
  9 rats
88 creatures vanquished.

Vanquished Creatures (others)
  4 plants (D:4)
4 creatures vanquished.

Grand Total: 92 creatures vanquished

Notes
Turn   | Place    | Note
-------+----------+-------------------------------------------
     0 | D:1      | dolemite99 the Minotaur Monk began the quest for the Orb.
     0 | D:1      | Reached XP level 1. HP: 19/19 MP: 0/0
    24 | D:1      | Reached skill level 4 in Polearms
   251 | D:1      | Reached XP level 2. HP: 19/26 MP: 1/1
   727 | D:1      | Found a faded altar of an unknown god.
   740 | D:1      | Prayed at the altar of an unknown god.
   740 | D:1      | Became a worshipper of Vehumet
   740 | D:1      | Reached * piety under Vehumet
   740 | D:1      | Offered knowledge of Freeze by Vehumet.
   740 | D:1      | Reached ** piety under Vehumet
   744 | D:1      | Fell from the grace of Vehumet
   804 | D:1      | Reached skill level 5 in Polearms
   946 | D:1      | Reached XP level 3. HP: 31/31 MP: 2/2
  1863 | D:3      | Noticed Jessica
  1873 | D:3      | Reached skill level 6 in Polearms
  1873 | D:3      | Reached XP level 4. HP: 28/39 MP: 3/3
  1884 | D:3      | Noticed Natasha
  1895 | D:3      | Killed Jessica
  1899 | D:3      | Killed Natasha
  1900 | D:3      | Reached skill level 7 in Polearms
  1900 | D:3      | Reached XP level 5. HP: 15/45 MP: 4/4
  2308 | D:3      | Identified the +1 leather armour of Zeboumad {-Tele MP+9
                  | Str+4 Dex+2}
  2373 | D:3      | You fall into a shaft and drop 2 floors!
  2373 | D:5      | Entered Level 5 of the Dungeon
  2533 | D:5      | Found Neopen's General Store.
  2664 | D:5      | Found Cuiwyung's Armour Shop.
  2670 | D:5      | Noticed a water moccasin
  2776 | D:4      | Found a hazy altar of Hepliaklqana.
  2832 | D:4      | Found a shimmering altar of Xom.
  2932 | D:4      | Found an opulent altar of Gozag.
  2940 | D:4      | Became a worshipper of Gozag Ym Sagoz the Greedy
  2986 | D:4      | Reached skill level 8 in Polearms
  2986 | D:4      | Reached XP level 6. HP: 28/51 MP: 5/5
  3372 | D:4      | Found a broken altar of Ashenzari.
  3377 | D:4      | Noticed Pikel
  3404 | D:4      | Killed Pikel
  3405 | D:4      | Reached skill level 10 in Polearms
  3405 | D:4      | Reached XP level 7. HP: 46/57 MP: 6/6
  3967 | D:4      | Reached skill level 11 in Polearms
  4000 | D:4      | HP: 2/57 [gnoll sergeant/+0 spear (8)]
  4000 | D:4      | Slain by a gnoll

Illustrated notes

Levels and vault maps discovered:
D:1:      dpeg_arrival_court, layout_basic, ebering_ecumenical_altar_mist,
          minivault_19, serial_park_tiny_pond, serial_bayou_pond_b
D:2:      layout_loops_cross
D:3:      layout_loops_ring, eino_tiny_chamber, uniq_natasha, uniq_jessica
D:4:      layout_cave_pools, lemuel_round_altar,
          nicolae_hepliaklqana_hazy_memory, mainiacjoe_overflow_surrounded_room,
          mainiacjoe_overflow_six_doors_small, serial_park, serial_park_tiny_2,
          serial_park_square1 [serial_park_minivault_5x5_3], lightli_minifort,
          uniq_pikel
D:5:      layout_cave_pools, serial_shops, nicolae_stop_n_shop_2, shop,
          nicolae_shop_stone, nicolae_square_shop, corner_web_ring,
          dilly_guarded_unrand_throatcut, uniq_eustachio

Skill      XL: |  1  2  3  4  5  6  7 |
---------------+----------------------+-----
Polearms       | 4 5 6 7 8 10 11 | 11.1
Fighting       | |  3.6
Dodging        | |  3.2
Stealth        | |  1.5

Action                   |  1- 3 |  4- 6 |  7- 9 || total
-------------------------+-------+-------+-------++-------
Melee: Spear             |   119 |    60 |       ||   179
       Headbutt          |    13 |    18 |     2 ||    33
       Trident           |       |    73 |    34 ||   107
       Punch             |       |       |     1 ||     1
Invok: Renounce Religion |     1 |       |       ||     1
  Use: Scroll            |     3 |     6 |     1 ||    10
 Stab: Sleeping          |     7 |       |       ||     7
Armor: Robe              |    18 |     4 |       ||    22
       Chain mail        |       |    51 |    22 ||    73
Dodge: Dodged            |    51 |    54 |    27 ||   132

Table legend: (Time is in decaauts)
 A = Elapsed time spent in this place.
 B = Non-inter-level travel time spent in this place.
 C = Inter-level travel time spent in this place.
 D = Time resting spent in this place.
 E = Time spent auto-exploring this place.
 F = Levels seen in this place.
 G = Mean time per level.
                   A        B        C        D        E       F      G
               +--------+--------+--------+--------+--------+-----+--------+
         Total |   3961 |   3887 |     74 |   1014 |   2015 |   5 |  792.2 |
       Dungeon |   3961 |   3887 |     74 |   1014 |   2015 |   5 |  792.2 |
               +--------+--------+--------+--------+--------+-----+--------+

Top non-repeatable levels by time:
     D:4: 1005 daAuts
     D:1: 1002 daAuts
     D:3: 974 daAuts
     D:2: 676 daAuts
     D:5: 302 daAuts
